 Dungeon Crawl Stone Soup version 0.30-a0-12-gd8047c6341 (webtiles) character file.

Game seed: 4244930347231494188

3371 SensoryNuts the Cleaver (level 9, -6/78 HPs)
             Began as a Minotaur Fighter on Aug 24, 2022.
             Mangled by an orc warrior
             ... wielding a +0 glaive
              (9 damage)
             ... in a bailey.
             The game lasted 00:11:45 (7800 turns).

SensoryNuts the Cleaver (Minotaur Fighter)          Turns: 7800, Time: 00:11:45

Health: -6/78      AC: 10    Str: 20    XL:     9   Next: 73%
Magic:  8/8        EV: 13    Int:  4    God:
Gold:   404        SH:  6    Dex: 18    Spells: 8/8 levels left

rFire   + . .      SeeInvis .    a - +2 war axe (vamp)
rCold   + . .      Faith    .    c - +0 buckler
rNeg    . . .      Spirit   .    x - +1 steam dragon scales
rPois   +          Reflect  .    (helmet restricted)
rElec   +          Harm     .    t - +0 cloak
rCorr   +          Rampage  .    (no gloves)
Will    .....                    l - +0 pair of boots
Stlth   ++........               (no amulet)
HPRegen 0.23/turn                (no ring)
MPRegen 0.11/turn                (no ring)

@: resistant
A: horns 2, retaliatory headbutt, agile 1, MP-powered wands
a: no special abilities


You were in a bailey.
You visited 2 branches of the dungeon, and saw 8 of its levels.
You also visited: Bailey.

You collected 404 gold pieces.

Inventory:

Hand Weapons
 a - a +2 vampiric war axe (weapon)
Armour
 c - a +0 buckler (worn)
 l - a +0 pair of boots (worn)
 t - a +0 cloak (worn)
 x - +1 steam dragon scales (worn)
Jewellery
 e - a ring of protection from cold
 i - a ring of protection from fire
 k - a ring of magical power
 p - a ring of willpower
 r - a ring of protection from cold
 u - a ring of magical power
Wands
 v - a wand of charming (7) (quivered)
Scrolls
 f - 3 scrolls of vulnerability
 g - a scroll of blinking
 j - 3 scrolls of teleportation
 q - a scroll of butterflies
Potions
 n - 3 potions of magic
 o - 2 potions of mutation


   Skills:
 + Level 6.4 Fighting
 * Level 12.9 Axes
 + Level 7.1 Armour
 + Level 3.3 Dodging
 + Level 1.3 Stealth
 + Level 6.0 Shields


You had 8 spell levels left.
You didn't know any spells.
Your spell library contained the following spells:

 Spells                   Type           Power      Damage    Failure   Level
 Apportation              Tloc           0%         N/A       58%         1
 Sandblast                Erth           0%         2d4       58%         1
 Shock                    Conj/Air       0%         1d3       58%         1
 Passwall                 Tmut/Erth      0%         N/A       73%         2
 Stone Arrow              Conj/Erth      0%         3d7       91%         3
 Swiftness                Air            0%         N/A       91%         3
 Airstrike                Air            0%         2d(0-16)  100%        4
 Animate Armour           Summ/Erth      0%         N/A       100%        4
 Alistair's Intoxication  Tmut/Pois      0%         N/A       100%        5
 Lehudib's Crystal Spear  Conj/Erth      0%         10d2      100%        8


Dungeon Overview and Level Annotations

Branches:
Dungeon (7/15)             Temple (1/1) D:4          Bailey (1/1)

Altars:
Ashenzari
Cheibriados
Dithmenos
Elyvilon
Fedhas
Hepliaklqana
Kikubaaqudgha
Makhleb
Nemelex Xobeh
Qazlal
Ru
Sif Muna
Trog
Uskayaw
Vehumet
Wu Jian
Xom
Yredelemnul
Zin
The Shining One

Shops:
D:1 ?(((   D:2 =((*


Innate Abilities, Weirdness & Mutations

You have a pair of horns on your head.
You reflexively headbutt those who attack you in melee.
You are agile. (Dex +4, Str/Int -1)
You expend magic power (3 MP) to strengthen your wands.


Message History

Your +0 steam dragon scales glow green for a moment.
The orc knight is engulfed in poison gas.
The orc knight looks even sicker.
Okay, then.
You feel protected.
Cornered, the orc warrior turns to fight!
The orc knight is engulfed in poison gas.
The orc knight looks even sicker.
The orc knight begs for mercy.
Your magic is already full.
Okay, then.
Nothing quivered!
Okay, then.
You are too injured to fight recklessly!
Okay, then.
There are monsters nearby!
There are monsters nearby!
There are monsters nearby!
There are monsters nearby!
You swing at nothing.
The orc warrior hits you from afar with a +0 glaive!
* * * LOW HITPOINT WARNING * * *
The orc knight is engulfed in poison gas.
The orc knight looks as sick as possible!
Cornered, the orc knight turns to fight!
You swing at nothing.
The orc warrior closely misses you.
The orc knight is engulfed in poison gas.
The orc knight looks as sick as possible!
You swing at nothing.
The orc warrior hits you from afar with a +0 glaive!
* * * LOW HITPOINT WARNING * * *
The orc knight is engulfed in poison gas.
The orc knight looks as sick as possible!
Okay, then.
Okay, then.
Okay, then.
As you read the scroll of butterflies, it crumbles to dust.
You hear the tinkle of a tiny bell.
The orc warrior hits you from afar with a +0 glaive!
You die...

..≈≈###≈≈~~~~~~~~~~~~~~~≈≈### ..
..≈##.##≈~~~~~~~~~~~~~~~≈##.##≈..
..≈#..))~~~~~~~~~~~~~~~~~.)..#≈..
..≈##.∩#≈~~~~~~~~~~~~~~~≈#∩)##≈..
..≈≈#.##≈~~~~#######~~~~≈##.#≈≈..
..~≈≈~≈≈≈~~~~##§○○§##~~~≈≈≈~≈≈~..
..~~~~~~~~~~~##bbbb§##~~~~~~~~~..
..~~~~~~~~~~~##bbb#~~##~~~~~~~~..
..~~~~~~~##~~##b@b##~~#~~~~~~~~..
..~~~~~~~##~####b####~##~~~~~~~..
..~~~~~~~##~')#boo#)'~##~~~~~~~..
..~~~~~~~##~###§8§###~##~~~~~~~..
..~~~~~~~##~')#§§o#)'~##~~~~~~~..
..~~~~~~~##~#########~##~~~~~~~..
..~~~~~~~~#~~##.#)##~~#~~~~~~~~..
..~~~~~~~~##~~#'#'#~~##~~~~~~~~..
..~~~)~~~~~##~~~~~~~##~~~~~~~~~..


You could see an orc knight (extremely poisoned, ally target), an orc warrior
and an orc.

Vanquished Creatures
  Sigmund (D:2)
  A steam dragon (D:6)
  Menkaure (D:7)
  10 orc warriors (Bailey)
  A sky beast (D:6)
  2 ice beasts
  A black bear (D:5)
  An ogre (D:5)
  A phantom (D:5)
  A kobold brigand (D:5)
  Blork the orc (D:6)
  2 bullfrogs
  A gnoll sergeant (D:4)
  2 necrophages
  4 scorpions
  A killer bee (D:4)
  A howler monkey (D:4)
  6 hounds
  5 iguanas
  4 orc wizards
  12 gnolls
  6 adders
  An ufetubus (D:5)
  A worm (D:2)
  2 dart slugs (D:2)
  26 orcs
  6 bats
  12 endoplasms
  3 giant cockroaches
  10 goblins
  4 hobgoblins
  7 jackals
  11 kobolds
  7 quokkas
  6 ball pythons
  5 frilled lizards
  10 rats
176 creatures vanquished.

Notes
Turn   | Place    | Note
-------+----------+-------------------------------------------
     0 | D:1      | SensoryNuts the Minotaur Fighter began the quest for the
                  | Orb.
     0 | D:1      | Reached XP level 1. HP: 19/19 MP: 0/0
    11 | D:1      | Found Zefuenou's Antique Weapon Boutique.
   332 | D:1      | Reached XP level 2. HP: 20/27 MP: 1/1
   466 | D:1      | Found Ovenk's Magic Scroll Shoppe.
   588 | D:1      | Reached skill level 3 in Axes
   616 | D:1      | Found Setu's Weapon Shop.
   783 | D:1      | Reached XP level 3. HP: 33/33 MP: 2/2
   838 | D:1      | Found Orhoura's Weapon Boutique.
   867 | D:1      | Noticed a great orb of eyes
   890 | D:1      | Noticed a shining eye
   892 | D:1      | Found a faded altar of an unknown god.
   893 | D:1      | Noticed an eye of devastation
   893 | D:1      | Noticed a shining eye
  1079 | D:2      | You fall into a shaft and drop 1 floor!
  1434 | D:3      | Reached skill level 4 in Axes
  1672 | D:3      | Found a stormy altar of Qazlal.
  2033 | D:2      | Reached XP level 4. HP: 40/40 MP: 3/3
  2049 | D:2      | Found Rituotwuem's Jewellery Shoppe.
  2085 | D:2      | Noticed Sigmund
  2111 | D:2      | Killed Sigmund
  2112 | D:2      | Reached skill level 5 in Axes
  2112 | D:2      | Reached XP level 5. HP: 10/47 MP: 4/4
  2351 | D:2      | Found an ancient bone altar of Kikubaaqudgha.
  2359 | D:2      | Found Depref's Weapon Boutique.
  2443 | D:2      | Reached XP level 6. HP: 46/53 MP: 5/5
  2479 | D:2      | Found Muom's Weapon Shop.
  2497 | D:2      | Found Pusoid's Assorted Antiques.
  2589 | D:2      | Reached skill level 6 in Axes
  3037 | D:4      | Found a staircase to the Ecumenical Temple.
  3045 | D:4      | Reached skill level 5 in Armour
  3065 | Temple   | Entered the Ecumenical Temple
  3267 | D:4      | Found a hide-covered altar of Uskayaw.
  3280 | D:4      | Found a snail-covered altar of Cheibriados.
  3447 | D:4      | Found a basalt altar of Yredelemnul.
  4339 | D:4      | Reached skill level 7 in Axes
  4339 | D:4      | Reached skill level 1 in Dodging
  4339 | D:4      | Reached XP level 7. HP: 60/60 MP: 6/6
  4571 | D:5      | Entered Level 5 of the Dungeon
  4596 | D:5      | Reached skill level 8 in Axes
  4642 | D:5      | Gained mutation: You are agile. (Dex +4, Str/Int -1)
                  | [potion of mutation]
  4642 | D:5      | Gained mutation: You expend magic power (3 MP) to
                  | strengthen your wands. [potion of mutation]
  4826 | D:5      | Reached XP level 8. HP: 59/67 MP: 7/7
  4832 | D:5      | Reached skill level 5 in Fighting
  4832 | D:5      | Reached skill level 9 in Axes
  5017 | D:5      | Found a sacrificial altar of Ru.
  5301 | D:5      | Reached skill level 10 in Axes
  5628 | D:6      | Reached skill level 5 in Shields
  5817 | D:6      | Noticed Blork the orc
  5824 | D:6      | Killed Blork the orc
  5851 | D:6      | Reached skill level 11 in Axes
  5974 | D:6      | Found a hazy altar of Hepliaklqana.
  5987 | D:6      | Reached XP level 9. HP: 74/74 MP: 8/8
  6001 | D:6      | Found a white marble altar of Elyvilon.
  6249 | D:6      | Found a broken altar of Ashenzari.
  6668 | D:7      | Noticed Menkaure
  6680 | D:7      | Killed Menkaure
  6719 | D:7      | Identified the +3 hand axe "Dakadedeuf" {antimagic, rF-
                  | Int+7}
  6851 | D:7      | Found a flagged portal.
  6873 | Bailey   | Entered a bailey
  7021 | Bailey   | Reached skill level 12 in Axes
  7290 | Bailey   | Reached skill level 1 in Stealth
  7789 | Bailey   | Noticed an orc knight
  7799 | Bailey   | HP: 3/78 [orc warrior/+0 glaive (17)]
  7800 | Bailey   | Mangled by an orc warrior

Illustrated notes

Levels and vault maps discovered:
D:1:      tarquinn_simple_flora_water_d, layout_basic,
          hellmonk_ecumenical_altar_watching_god, serial_shops,
          nicolae_square_shop, nicolae_shop_crystal, nicolae_shop_crystal, shop
D:2:      layout_rooms, basic_altar, serial_shops, nicolae_shop_behind_doors,
          nicolae_shop_waterfront, nicolae_shop_bloodbath_and_beyond, shop,
          uniq_sigmund
D:3:      layout_basic, grunt_qazlal_clouds
D:4:      minmay_chambers_of_twos, layout_layer_cave,
          mainiacjoe_overflow_six_doors_small, marbit_many_paths,
          mainiacjoe_overflow_tiny_flanked, minmay_temple_entry_water_ring,
          nrook_mini_vaults
D:5:      layout_rooms, nicolae_ru_awakened_eye, cheibrodos_gnoll_hut
D:6:      layout_basic, elyvilon_altar_4, minitemple, serial_curves,
          eino_curves_04, eino_curves_04, eino_curves_01, eino_curves_01,
          uniq_blork_the_orc
D:7:      layout_basic, enter_bailey_2, patterned_corridor, uniq_menkaure
Temple:   nicolae_temple_no_exploring_needed
Bailey:   bailey_polearm_2, bailey

Skill      XL: |  1  2  3  4  5  6  7  8  9 |
---------------+----------------------------+-----
Armour         | 4 5 6 7 |  7.1
Fighting       | 4 5 6 |  6.4
Axes           | 3 4 5 7 8 11 12 | 12.9
Shields        | 4 5 6 |  6.0
Dodging        | 1 2 3 |  3.3
Stealth        | 1 |  1.3

Action                   |  1- 3 |  4- 6 |  7- 9 || total
-------------------------+-------+-------+-------++-------
Melee: War axe           |   110 |    79 |   254 ||   443
       Headbutt          |    10 |     7 |    50 ||    67
  Use: Scroll            |     5 |       |    14 ||    19
       Potion            |     2 |     3 |     6 ||    11
 Stab: Sleeping          |       |       |     2 ||     2
Armor: Scale mail        |    49 |    50 |    71 ||   170
       Steam dragon scal |       |       |    20 ||    20
Dodge: Dodged            |    51 |    44 |   124 ||   219
Block: Buckler           |    26 |    26 |    78 ||   130

Table legend: (Time is in decaauts)
 A = Elapsed time spent in this place.
 B = Non-inter-level travel time spent in this place.
 C = Inter-level travel time spent in this place.
 D = Time resting spent in this place.
 E = Time spent auto-exploring this place.
 F = Levels seen in this place.
 G = Mean time per level.
                   A        B        C        D        E       F      G
               +--------+--------+--------+--------+--------+-----+--------+
         Total |   7920 |   7487 |    433 |      0 |   6176 |   9 |  880.0 |
       Dungeon |   6771 |   6338 |    433 |      0 |   5184 |   7 |  967.3 |
        Temple |    187 |    187 |      0 |      0 |    186 |   1 |  187.0 |
        Bailey |    960 |    960 |      0 |      0 |    805 |   1 |  960.0 |
               +--------+--------+--------+--------+--------+-----+--------+

Top non-repeatable levels by time:
     D:4: 1387 daAuts
     D:3: 1154 daAuts
     D:1: 1034 daAuts
     D:6: 1031 daAuts
     D:5: 1006 daAuts
  Bailey: 960 daAuts
     D:2: 877 daAuts
     D:7: 279 daAuts
  Temple: 187 daAuts
